 Dungeon Crawl Stone Soup version 0.31.0-12-g77e489cdc1 (webtiles) character file.

Game seed: 16745417381698699963

126 Doomgape the Covered (level 5, -3/33 HPs)
             Began as a Gargoyle Fighter on Feb 26, 2024.
             Killed by divine providence
             ... invoked by an orc priest
              (14 damage)
             ... on level 3 of the Dungeon.
             The game lasted 00:04:10 (2634 turns).

Doomgape the Covered (Gargoyle Fighter)             Turns: 2634, Time: 00:04:10

Health: -3/33      AC: 13    Str: 21    XL:     5   Next: 10%
Magic:  5/5        EV:  7    Int:  9    God:
Gold:   46         SH:  8    Dex:  9    Spells: 4/4 levels left

rFire   . . .        a - +0 flail
rCold   . . .        s - +0 kite shield
rNeg    + . .        r - +0 chain mail
rPois   ∞            (no helmet)
rElec   +            (no cloak)
rCorr   .            (no gloves)
SInv    .            (no boots)
Will    .....        (no amulet) Stlth
                     (no ring)
HPRegen 0.25/turn    (no ring)
MPRegen 0.09/turn

%: no passive effects
@: no status effects
A: sickness immunity, AC +4, negative energy resistance 1, electricity
resistance, torment resistance 1, petrification resistance
a: no special abilities


You were on level 3 of the Dungeon.
You visited 1 branch of the dungeon, and saw 3 of its levels.

You collected 163 gold pieces.
You spent 117 gold pieces at shops.

Inventory:

Hand Weapons
 a - a +0 flail (weapon)
Armour
 r - a +0 chain mail (worn)
 s - a +0 kite shield (worn)
Jewellery
 b - a ring of fire
 p - an amulet of the acrobat
Scrolls
 h - 2 scrolls of amnesia {unknown}
 i - 6 scrolls of identify {unknown}
 j - a scroll of enchant armour {unknown}
 k - a scroll of silence {unknown}
 m - a scroll of blinking {unknown}
Potions
 d - 2 potions of might
 e - 4 potions of brilliance {unknown}
 f - a potion of degeneration {unknown}
 g - a potion of berserk rage {unknown}
 l - a potion of ambrosia {unknown}
 n - a potion of curing {unknown}
 o - a potion of cancellation {unknown}
 q - 2 potions of lignification {unknown}


   Skills:
 + Level 4.1 Fighting
 + Level 3.0 Maces & Flails
 + Level 4.2 Armour
 + Level 4.2 Shields


You had 4 spell levels left.
You didn't know any spells.
Your spell library contained the following spells:

 Spells                   Type           Power      Damage    Failure   Level
 Freeze                   Ice            0%         1d3       99%         1
 Frozen Ramparts          Ice            0%         1d1       100%        3
 Hailstorm                Conj/Ice       0%         3d5       100%        3
 Ozocubu's Armour         Ice            0%         N/A       100%        3
 Metabolic Englaciation   Hex/Ice        0%         N/A       100%        5
 Sculpt Simulacrum        Ice/Alch       0%         N/A       100%        6


Dungeon Overview and Level Annotations

Branches:
Dungeon (3/15)

Altars:

Shops:
D:3 [


Innate Abilities, Weirdness & Mutations

You are immune to sickness and miasma.
Your stone body is resilient. (AC +4)
You are immune to poison.
You resist negative energy. (rN+)
You are resistant to electric shocks. (rElec)
You are resistant to unholy torment.
You are immune to petrification.


Message History

You block the orc's attack. The orc hits you but does no damage.
Unknown command.
You hit the orc priest.
The orc priest is moderately wounded.
The orc priest barely misses you. The orc barely misses you.
You block the orc's attack.
Unknown command.
You closely miss the orc priest.
The orc priest is moderately wounded.
The orc priest hits you but does no damage.
The orc hits you but does no damage. x2
The orc priest hits you with a +0 dagger.
The orc hits you but does no damage. x2
Unknown command.
You closely miss the orc priest.
The orc priest is moderately wounded.
The orc priest barely misses you. The orc hits you but does no damage.
You block the orc's attack.
Unknown command.
You hit the orc priest but do no damage.
The orc priest is moderately wounded.
The orc priest hits you but does no damage.
The orc hits you but does no damage. x2
Unknown command.
You hit the orc priest.
The orc priest is severely wounded.
The orc priest barely misses you. The orc hits you but does no damage.
The orc hits you with a +0 short sword. The orc priest barely misses you.
You block the orc's attack. The orc hits you but does no damage.
Unknown command.
You barely miss the orc priest.
The orc priest is severely wounded.
The orc priest hits you but does no damage.
You block the orc's attack. The orc completely misses you.
Unknown command.
You barely miss the orc priest.
The orc priest is severely wounded.
The orc priest calls down the wrath of Beogh upon you.
Beogh smites you!
You die...

...............#
#######.######.# #.#
#.# #####.#### #.#
#..<.....# #.## #
#.###.###.##.# #..## #
#.........##.###...###
#####.###...........##
#@# ####.###...###
#..ooo.# ##.####.####
#.#.:................
# #..#.##.#.####.####
#..#.# # ##+## #.....
##...## #.#. !#
##.....## #. . .#
##.......# #.........


You could see an orc priest and 2 orcs.

Vanquished Creatures
  A bombardier beetle (D:3)
  An orc priest (D:3)
  2 adders
  7 orcs (D:3)
  2 bats (D:2)
  3 endoplasms
  3 giant cockroaches
  A goblin (D:1)
  4 hobgoblins
  3 jackals (D:1)
  A kobold (D:1)
  A quokka (D:1)
  6 ball pythons
  A frilled lizard (D:1)
  5 rats
41 creatures vanquished.

Notes
Turn   | Place    | Note
-------+----------+-------------------------------------------
     0 | D:1      | Doomgape the Gargoyle Fighter began the quest for the Orb.
     0 | D:1      | Reached XP level 1. HP: 14/14 MP: 1/1
   496 | D:1      | Reached XP level 2. HP: 19/19 MP: 2/2
  1153 | D:2      | Reached XP level 3. HP: 19/23 MP: 3/3
  1537 | D:2      | Found a faded altar of an unknown god.
  2197 | D:3      | Reached XP level 4. HP: 29/29 MP: 4/4
  2392 | D:3      | Found Suenibb's Antique Armour Emporium.
  2397 | D:3      | Bought a kite shield for 117 gold pieces
  2621 | D:3      | Reached XP level 5. HP: 19/33 MP: 5/5
  2634 | D:3      | Killed from afar by an orc priest

Illustrated notes

Levels and vault maps discovered:
D:1:      matt_arrival_diagonals, layout_loops_corners
D:2:      layout_loops_corners, chequers_ecumenical_altar_lobes
D:3:      cheibrodos_old_hovel, layout_loops_corners, serial_shops, shop

Skill      XL: |  1  2  3  4 |
---------------+-------------+-----
Armour         | 4 |  4.2
Shields        | 4 |  4.2
Fighting       | 4 |  4.1
Maces & Flails | 3 |  3.0

Action                     |  1- 3 |  4- 6 || total
---------------------------+-------+-------++-------
  Melee: Flail             |   132 |    38 ||   170
    Use: Scroll            |     1 |       ||     1
 Armour: Scale mail        |    96 |       ||    96
         Chain mail        |     3 |    51 ||    54
  Dodge: Dodged            |    55 |    21 ||    76
  Block: Buckler           |    25 |     3 ||    28
         Kite shield       |       |    22 ||    22
